 Dungeon Crawl Stone Soup version 0.30-a0-772-g5528072125 (webtiles) character file.

Game seed: 15714219613311013738

44 porpoise the Sneak (level 3, 0/25 HPs)
             Began as a Gnoll Enchanter on Feb 13, 2023.
             Killed from afar by Natasha (8 damage)
             ... with a magic dart
             ... on level 2 of the Dungeon.
             The game lasted 00:04:14 (1381 turns).

porpoise the Sneak (Gnoll Enchanter)                Turns: 1381, Time: 00:04:14

Health: 0/25       AC:  2    Str:  7    XL:     3   Next: 60%
Magic:  6/9        EV: 13    Int: 16    God:
Gold:   68         SH:  0    Dex: 12    Spells: 4/12 levels left

rFire   . . .      SeeInvis .    a - +1 dagger
rCold   . . .      Faith    .    (no shield)
rNeg    . . .      Spirit   .    b - +0 robe
rPois   .          Reflect  .    (no helmet)
rElec   .          Harm     .    (no cloak)
rCorr   .          Rampage  .    (no gloves)
Will    .....                    (no boots)
Stlth   +++                      (no amulet)
HPRegen 0.24/turn                (no ring)
MPRegen 0.11/turn                (no ring)

@: confusing by touch, slowed, very slow
A: fangs 1, strong nose, distributed training
a: no special abilities


You were on level 2 of the Dungeon.
You visited 1 branch of the dungeon, and saw 2 of its levels.

You collected 68 gold pieces.

Inventory:

Hand Weapons
 a - a +1 dagger (weapon)
Armour
 b - a +0 robe (worn)
Magical Staves
 j - a staff of earth
Scrolls
 d - a scroll of fear
 e - a scroll of identify {unknown}
 f - a scroll of noise {unknown}
 g - 2 scrolls of enchant weapon {unknown}
 h - a scroll of teleportation
Potions
 c - 2 potions of invisibility
 i - a potion of brilliance {unknown}
 k - a potion of flight {unknown}
 l - a potion of curing {unknown}


   Skills:
 + Level 0.9 Fighting
 + Level 2.6 Short Blades
 + Level 0.9 Long Blades
 + Level 0.9 Axes
 + Level 0.9 Maces & Flails
 + Level 0.9 Polearms
 + Level 0.9 Staves
 + Level 0.9 Ranged Weapons
 + Level 0.9 Throwing
 + Level 0.9 Armour
 + Level 4.5 Dodging
 + Level 6.0 Stealth
 + Level 0.9 Shields
 + Level 0.9 Unarmed Combat
 + Level 5.0 Spellcasting
 + Level 0.6 Conjurations
 + Level 5.4 Hexes
 + Level 0.6 Summonings
 + Level 0.6 Necromancy
 + Level 0.6 Translocations
 + Level 0.6 Transmutations
 + Level 0.6 Fire Magic
 + Level 0.6 Ice Magic
 + Level 0.6 Air Magic
 + Level 0.6 Earth Magic
 + Level 0.6 Poison Magic
 + Level 1.0 Invocations
 + Level 0.9 Evocations


You had 4 spell levels left.
You knew the following spells:

 Your Spells              Type           Power      Damage    Failure   Level
a - Confusing Touch       Hex            21%        N/A       4%          3
e - Ensorcelled Hibernat  Hex/Ice        26%        N/A       7%          2
t - Tukima's Dance        Hex            21%        N/A       4%          3

Your spell library contained the following spells:

 Spells                   Type           Power      Damage    Failure   Level
 Dazzling Flash           Conj/Hex       26%        N/A       13%         3


Dungeon Overview and Level Annotations

Branches:
Dungeon (2/15)

Altars:

Shops:
D:1 [

Annotations:
D:2 Natasha


Innate Abilities, Weirdness & Mutations

You have very sharp teeth.
Your uncanny sense of smell can sniff out nearby items.
Your experience applies equally to all skills.


Message History

Found a stone staircase leading down.
Casting: Ensorcelled Hibernation (safe; 7% risk of failure)
Confirm with . or Enter, or press ? or * to list all spells.
Aiming: Ensorcelled Hibernation (safe; 7% risk of failure)
Press: ? - help, Shift-Dir - straight line, f - rat
Aim: a rat (chance to affect: 64%)
The rat struggles to resist.
You hit the rat.
You kill the rat!
You see here a rat corpse.
A kobold comes into view. It is wielding a +0 short sword.
The helpless kobold fails to defend itself.
You impale the kobold!!
You kill the kobold!
There is a stone staircase leading down here.
Found a scale mail.
Natasha, Servant of Life and Death comes into view.
Found a glowing orange potion.
Natasha hisses angrily.
Natasha hisses.
Natasha casts a spell at you.
You feel yourself slow down. Natasha claws you. x2
You closely miss Natasha. Your bite misses Natasha.
Natasha claws you but does no damage.
Casting: Ensorcelled Hibernation (safe; 7% risk of failure)
Confirm with . or Enter, or press ? or * to list all spells.
The spell is quite dangerous to miscast (4% risk of failure)!
Continue anyway? [Y]es or [N]o only, please.
The spell is quite dangerous to miscast (4% risk of failure)!
Continue anyway? [Y]es or [N]o only, please.
The spell is quite dangerous to miscast (4% risk of failure)!
Continue anyway?
Okay, then.
Casting: Confusing Touch (quite dangerous; 4% risk of failure)
Confirm with . or Enter, or press ? or * to list all spells.
The spell is quite dangerous to miscast (4% risk of failure)!
Continue anyway?
Your hands begin to glow red.
Natasha claws you!
Natasha stares at you and mumbles some strange words.
The magic dart hits you!
You die...

.##.#
.....##.
.##.# ...
........
..#.# #.#
######.. #
... #.# #..
.#. #.# #..
. . ##.##
#.. # ...
#..
#####.#h###
#..
......#@..#
#..
.!........#
#..
#######...#
###
#####..##
#......#
#.###.##
#.# ### #.#
#.. #.# #.#
#.#


You could see Natasha.

Vanquished Creatures
  A worm (D:2)
  A dart slug (D:1)
  4 endoplasms
  2 giant cockroaches (D:2)
  A goblin (D:1)
  3 hobgoblins
  2 jackals (D:1)
  A quokka (D:1)
  5 ball pythons
  6 bats (D:1)
  3 frilled lizards
  6 kobolds
  4 rats
39 creatures vanquished.

Notes
Turn   | Place    | Note
-------+----------+-------------------------------------------
     0 | D:1      | porpoise the Gnoll Enchanter began the quest for the Orb.
     0 | D:1      | Reached XP level 1. HP: 13/13 MP: 6/6
    62 | D:1      | Found Nisiso's Armour Boutique.
    71 | D:1      | Reached XP level 2. HP: 19/19 MP: 7/7
    74 | D:1      | Learned a level 2 spell: Ensorcelled Hibernation
   483 | D:1      | Reached skill level 5 in Spellcasting
   483 | D:1      | Reached XP level 3. HP: 25/25 MP: 5/9
   558 | D:1      | Learned a level 3 spell: Confusing Touch
   562 | D:1      | Learned a level 3 spell: Tukima's Dance
   694 | D:1      | Reached skill level 6 in Stealth
   943 | D:2      | Reached skill level 1 in Invocations
  1374 | D:2      | Noticed Natasha
  1381 | D:2      | Killed from afar by Natasha

Illustrated notes

Levels and vault maps discovered:
D:1:      amcnicky_arrival_single_pillar, layout_loops_ring, serial_shops, shop
D:2:      layout_loops_ring, mrwooster_statue_mirror, uniq_natasha

Skill      XL: |  1  2  3 |
---------------+----------+-----
Spellcasting   | 5 |  5.0
Stealth        | 6 |  6.0
Invocations    | 1 |  1.0
Fighting       | |  0.9
Short Blades   | |  2.6
Long Blades    | |  0.9
Axes           | |  0.9
Maces & Flails | |  0.9
Polearms       | |  0.9
Staves         | |  0.9
Ranged Weapons | |  0.9
Throwing       | |  0.9
Armour         | |  0.9
Dodging        | |  4.5
Shields        | |  0.9
Unarmed Combat | |  0.9
Conjurations   | |  0.6
Hexes          | |  5.4
Summonings     | |  0.6
Necromancy     | |  0.6
Translocations | |  0.6
Transmutations | |  0.6
Fire Magic     | |  0.6
Ice Magic      | |  0.6
Air Magic      | |  0.6
Earth Magic    | |  0.6
Poison Magic   | |  0.6
Evocations     | |  0.9

Action                     || total
---------------------------++-------
  Melee: Dagger            ||    60
         Bite              ||     2
   Cast: Ensorcelled Hiber ||    15
         Confusing Touch   ||     1
    Use: Scroll            ||     2
   Stab: Sleeping          ||    28
 Armour: Robe              ||    13
  Dodge: Dodged            ||    22

Table legend: (Time is in decaauts)
 A = Elapsed time spent in this place.
 B = Non-inter-level travel time spent in this place.
 C = Inter-level travel time spent in this place.
 D = Time resting spent in this place.
 E = Time spent auto-exploring this place.
 F = Levels seen in this place.
 G = Mean time per level.
                   A        B        C        D        E       F      G
               +--------+--------+--------+--------+--------+-----+--------+
         Total |   1373 |   1329 |     44 |    215 |    831 |   2 |  686.5 |
       Dungeon |   1373 |   1329 |     44 |    215 |    831 |   2 |  686.5 |
               +--------+--------+--------+--------+--------+-----+--------+

Top non-repeatable levels by time:
     D:1: 846 daAuts
     D:2: 526 daAuts
